 Dungeon Crawl Stone Soup version 0.24.0-29-g8ce449bc06 (webtiles) character file.

Game seed: 5485069226660418693, levelgen mode: deterministic

3065 DildoBatman the Merchant of Misery (level 10, 0/63 HPs)
             Began as a Formicid Wizard on Nov 16, 2019.
             Was a Believer of Kikubaaqudgha.
             Slain by a hornet zombie (6 damage)
             ... on level 9 of the Dungeon.
             The game lasted 00:28:14 (9237 turns).

DildoBatman the Merchant of Misery (FoWz)           Turns: 9237, Time: 00:28:15

Health: 0/63       AC:  6    Str: 12    XL:     10   Next: 12%
Magic:  2/14       EV: 15    Int: 23    God:    Kikubaaqudgha [**....]
Gold:   386        SH:  0    Dex:  9    Spells: 3/15 levels left

rFire    . . .     SeeInvis +   a - +1 falchion (flame)
rCold    + . .     Gourm    .   (no shield)
rNeg     . . .     Faith    +   A - +2 leather armour {rC+}
rPois    .         Spirit   .   (helmet unavailable)
rElec    .         Reflect  .   (no cloak)
rCorr    .         Harm     .   (no gloves)
MR       +....                  P - +0 pair of boots {Fly}
Stlth    ++........             p - amulet of faith
HPRegen  0.20/turn              L - +2 ring of intelligence
MPRegen  0.14/turn              q - +4 ring of evasion

@: flying
A: permanent stasis, dig shafts and tunnels, four strong arms, antennae 3
a: Dig, Shaft Self, Receive Corpses, Renounce Religion, Stop Flying


You were on level 9 of the Dungeon.
You worshipped Kikubaaqudgha.
Kikubaaqudgha was pleased with you.
You were not hungry.

You visited 2 branches of the dungeon, and saw 10 of its levels.

You collected 386 gold pieces.

Inventory:

Hand Weapons
 a - a +1 falchion of flaming (weapon)
 b - a +0 halberd
 e - a +2 falchion of holy wrath
 o - a +1 mace of holy wrath
 t - a +2 long sword of holy wrath
Missiles
 c - 30 poisoned darts
 d - 215 stones (quivered)
 f - 118 arrows
 j - 46 bolts
 m - 35 sling bullets
 G - 7 javelins
 I - 7 boomerangs of dispersal
Armour
 A - a +2 leather armour of cold resistance (worn)
 P - a +0 pair of boots of flying (worn)
Jewellery
 l - a +3 ring of dexterity
 p - an amulet of faith (around neck)
 q - a +4 ring of evasion (right hand)
 y - an uncursed ring of protection from cold
 L - a +2 ring of intelligence (left hand)
Wands
 N - a wand of iceblast (8)
Scrolls
 i - 2 scrolls of magic mapping {unknown}
 s - a scroll of fog
 u - a scroll of blinking {unknown}
 x - 2 scrolls of remove curse
 z - a scroll of identify
 B - 3 scrolls of summoning {unknown}
 F - a scroll of fear
 J - a scroll of vulnerability {unknown}
 K - 2 scrolls of immolation
 M - a scroll of amnesia {unknown}
 R - a scroll of noise {unknown}
 S - a scroll of acquirement {unknown}
 T - a scroll of enchant armour {unknown}
Potions
 g - a potion of magic {unknown}
 h - 4 potions of curing {unknown}
 k - 2 potions of might {unknown}
 n - a potion of haste {unknown}
 r - a potion of degeneration {unknown}
 w - a potion of mutation {unknown}
 C - a potion of cancellation {unknown}
 D - 3 potions of heal wounds {unknown}
 E - a potion of experience {unknown}
 H - a potion of lignification {unknown}
 O - a potion of agility {unknown}
Comestibles
 v - 16 rations
 Q - a chunk of flesh


   Skills:
 - Level 1.7 Dodging
 - Level 2.4 Stealth
 - Level 3.2 Spellcasting
 - Level 6.0 Conjurations
 - Level 4.1 Charms
   Level 1.0 Summonings
 * Level 7.1 Necromancy
   Level 0.8 Translocations
 - Level 5.0 Fire Magic
 - Level 5.0 Air Magic


You had 3 spell levels left.
You knew the following spells:

 Your Spells              Type           Power        Failure   Level  Hunger
a - Conjure Flame         Conj/Fire      ####....     4%          3    ###....
c - Magic Dart            Conj           ####         1%          1    None
d - Regeneration          Chrm/Necr      ####......   4%          3    ###....
e - Mephitic Cloud        Conj/Pois/Air  ###.....     10%         3    ###....
z - Sublimation of Blood  Necr           #####.....   1%          2    ##.....

Your spell library contained the following spells:

 Spells                   Type           Power        Failure   Level  Hunger
 Pain                     Necr           ####         1%          1    None
 Corpse Rot               Necr           N/A          1%          2    ##.....
 Sting                    Conj/Pois      ###.         4%          1    None
 Poisonous Vapours        Pois/Air       ###...       8%          2    ##.....
 Call Imp                 Summ           #.......     14%         2    ##.....
 Slow                     Hex            #.......     22%         2    ##.....
 Venom Bolt               Conj/Pois      ###.......   75%         5    ######.
 Olgreb's Toxic Radiance  Pois           #.......     82%         4    ####...
 Blink                    Tloc           Unusable     N/A         2    N/A

Dungeon Overview and Level Annotations

Branches:
Dungeon (9/15)             Temple (1/1) D:6
   Lair: D:8-11         Orc: D:9-12

Altars:
Ashenzari
Cheibriados
Fedhas
Hepliaklqana
Kikubaaqudgha
Makhleb
Nemelex Xobeh
Okawaru
Sif Muna
Trog
Vehumet
Wu Jian
Yredelemnul
Zin
The Shining One

Shops:
D:6 }

Annotations:
D:6 2 transporters, teukkam's ghost, novice MiFi


Innate Abilities, Weirdness & Mutations

You cannot be hasted, slowed, berserked, paralysed or teleported.
You can dig through walls and to a lower floor.
Your four strong arms can wield two-handed weapons with a shield.
You have a pair of large antennae on your head. (SInv)


Message History

Confirm with . or Enter, or press ? or * to list all spells.
Aiming: Conjure Flame (safe; 4% risk of failure)
Press: ? - help, Dir - move target cursor The fire ignites!
The hornet zombie closely misses you.
Really fly into that cloud of flame?
You are engulfed in blazing flames.
The hornet zombie is engulfed in blazing flames.
The hornet zombie hits you.
You hit the hornet zombie but do no damage.
The hornet zombie is heavily damaged.
The hornet zombie is engulfed in blazing flames.
The hornet zombie hits you.
You hit the hornet zombie. You burn the hornet zombie.
The hornet zombie is almost destroyed.
The hornet zombie is engulfed in blazing flames.
The hornet zombie hits you.
You die...
Kikubaaqudgha rasps: "You have failed me!
Welcome... death!"

{ { { { ....# { {{ #...#
{ ### #...# ##########.#
#...# #..........# #...#
#....##....# #...#
#....##.รท..########...#
#.....#....@Zgg)......#
.#..........########...#
#.########...# #...#
#............# #...#
#######......# #...#
#..........# #...# .
#..........# #...#### #
. ##........##
#...##.### .##
#.....#.## #...<#....


You could see 2 gnolls and a hornet zombie.

Vanquished Creatures
  A troll (D:9)
  A hornet (D:8)
  Sigmund (D:1)
  An ice beast (D:8)
  An orc warrior (D:9)
  A sky beast (D:8)
  A black bear (D:6)
  2 ogres (D:4)
  A wolf (D:9)
  4 bullfrogs
  A gnoll sergeant (D:9)
  2 scorpions
  4 killer bees (D:8)
  4 wights (D:6)
  A howler monkey (D:8)
  3 crimson imps
  A quasit (D:6)
  11 hounds
  2 jellies
  A centaur skeleton (D:9)
  An orc priest (D:5)
  Terence (D:1)
  Natasha (thrice) (D:3)
  An iguana (D:9)
  An orc wizard (D:5)
  4 worker ants
  A killer bee zombie (D:9)
  A howler monkey zombie (D:6)
  A worker ant zombie (D:5)
  7 gnolls
  11 adders
  2 shadow imps (D:8)
  An adder skeleton (D:8)
  3 worms
  3 leopard geckos
  18 orcs
  2 bats (D:3)
  7 giant cockroaches
  7 hobgoblins
  8 jackals
  5 kobolds
  5 quokkas
  A ball python (D:3)
  2 frilled lizards
  A giant cockroach zombie (D:5)
  3 goblins
  A leopard gecko skeleton (D:4)
  A leopard gecko zombie (D:5)
  3 rats
149 creatures vanquished.

Vanquished Creatures (others)
  A killer bee (D:8)
1 creature vanquished.

Grand Total: 150 creatures vanquished

Notes
Turn   | Place    | Note
-------+----------+-------------------------------------------
     0 | D:1      | DildoBatman the Formicid Wizard began the quest for the
                  | Orb.
     0 | D:1      | Reached XP level 1. HP: 13/13 MP: 4/4
    42 | D:1      | Reached skill level 1 in Conjurations
   319 | D:1      | Reached XP level 2. HP: 12/19 MP: 0/6
  1182 | D:2      | Found a radiant altar of Vehumet.
  1183 | D:2      | Found a shimmering blue altar of Sif Muna.
  1209 | D:2      | Reached XP level 3. HP: 24/24 MP: 0/7
  1217 | D:2      | Learned a level 3 spell: Conjure Flame
  1221 | D:2      | Learned a level 3 spell: Mephitic Cloud
  1360 | D:2      | You fall into a shaft and drop 2 floors!
  1701 | D:2      | Noticed Terence
  1709 | D:2      | Noticed Sigmund
  1719 | D:2      | You fall into a shaft and drop 1 floor!
  1904 | D:3      | Reached XP level 4. HP: 28/30 MP: 6/8
  2121 | D:3      | HP: 1/30 [gnoll/+0 spear (5)]
  2851 | D:3      | Reached XP level 5. HP: 35/35 MP: 6/9
  2940 | D:3      | Noticed Natasha
  2983 | D:3      | Found a shattered altar of Ashenzari.
  3357 | D:4      | Found a bloodstained altar of Trog.
  3524 | D:4      | Noticed an ogre
  3678 | D:4      | Killed an ogre
  3678 | D:4      | Reached skill level 5 in Conjurations
  3678 | D:4      | Reached XP level 6. HP: 41/41 MP: 3/10
  4493 | D:5      | Entered Level 5 of the Dungeon
  4669 | D:5      | Found a basalt altar of Yredelemnul.
  4676 | D:5      | Found a hazy altar of Hepliaklqana.
  4677 | D:5      | Found a snail-covered altar of Cheibriados.
  4696 | D:5      | Reached XP level 7. HP: 46/46 MP: 7/11
  4808 | D:5      | Reached skill level 1 in Fire Magic
  4851 | D:5      | Reached skill level 1 in Air Magic
  5640 | D:6      | Found an ancient bone altar of Kikubaaqudgha.
  5643 | D:6      | Became a worshipper of Kikubaaqudgha
  5754 | D:3      | Killed Natasha
  5754 | D:3      | Reached XP level 8. HP: 52/52 MP: 6/12
  5991 | D:3      | Noticed Natasha
  5994 | D:3      | Killed Natasha
  6260 | D:3      | Noticed Natasha
  6265 | D:3      | Killed Natasha
  6319 | D:1      | Killed Sigmund
  6414 | D:1      | Killed Terence
  6570 | D:6      | Found a transporter.
  6573 | D:6      | Noticed a skeletal warrior
  6573 | D:6      | Noticed teukkam's ghost (novice MiFi)
  6613 | D:6      | Found a transporter.
  6820 | D:6      | Found a sparkling altar of Nemelex Xobeh.
  6907 | D:6      | Reached skill level 5 in Fire Magic
  6916 | D:6      | Found Fuiduas's Gadget Boutique.
  7006 | D:6      | Found a staircase to the Ecumenical Temple.
  7015 | Temple   | Entered the Ecumenical Temple
  7146 | D:6      | Reached skill level 5 in Air Magic
  7146 | D:6      | Reached XP level 9. HP: 54/57 MP: 5/13
  7538 | D:7      | Reached * piety under Kikubaaqudgha
  7538 | D:7      | Identified Kikubaaqudgha's Catalogue of Stolen Souls
                  | (Kikubaaqudgha gifted it to you on level 7 of the Dungeon)
  7538 | D:7      | Received a gift from Kikubaaqudgha
  7541 | D:7      | Reached skill level 1 in Necromancy
  7546 | D:7      | Learned a level 2 spell: Sublimation of Blood
  7550 | D:7      | Learned a level 3 spell: Regeneration
  7762 | D:7      | Reached skill level 2 in Necromancy
  7850 | D:8      | Reached skill level 1 in Charms
  7911 | D:8      | Reached skill level 3 in Necromancy
  8340 | D:8      | Reached skill level 4 in Necromancy
  8562 | D:8      | Noticed a hornet
  8574 | D:8      | Killed a hornet
  8757 | D:9      | Noticed a troll
  8793 | D:9      | Killed a troll
  8793 | D:9      | Reached skill level 5 in Necromancy
  8879 | D:9      | Reached ** piety under Kikubaaqudgha
  8879 | D:9      | Reached skill level 6 in Necromancy
  9022 | D:9      | Reached XP level 10. HP: 51/63 MP: 0/14
  9202 | D:9      | Reached skill level 7 in Necromancy
  9237 | D:9      | Slain by a hornet zombie

Levels and vault maps discovered:
D:1:      giann_forest_graveyard, layout_basic, serial_glass, glass_columns_c,
          glass_columns_b, serial_park_tiny_1
D:2:      layout_basic, minitemple, uniq_terence, uniq_sigmund
D:3:      layout_basic, first_ration, ashenzari_altar_1, uniq_natasha
D:4:      layout_cave_pods, overflow_temple_1_default
D:5:      layout_cave_pools, yredelemnul_altar_generic,
          gammafunk_temple_overflow_statue, kennysheep_generic_room_6
D:6:      layout_loops_ring, kennysheep_mini, kennysheep_mini_moat,
          minmay_temple_entry_antechambers, serial_shops,
          nicolae_shop_behind_doors, gammafunk_ghost_arena,
          chequers_serial_rivers_micro_e
D:7:      layout_loops_ring, columned_hall_lemuel
D:8:      layout_gridville
D:9:      layout_basic, erik_lair_island, minmay_orc_entry_temple_small,
          serial_co_window_serial, co_window_corner_a, co_window_corner_a,
          co_window_paths_a, co_window_paths_a, co_window_of_opportunity_a,
          co_window_corner_b, co_window_corner_b, co_window_broadway_b,
          co_window_2corner, co_window_unsneaky_path_b, co_window_broadway_a,
          co_window_of_opportunity_b, evilmike_butchery
Temple:   eino_temple_lava

Skill      XL: |  1  2  3  4  5  6  7  8  9 10 |
---------------+-------------------------------+-----
Conjurations   | 1 2 3 4 5 6 |  6.0
Fire Magic     | 3 5 |  5.0
Air Magic      | 2 5 |  5.0
Necromancy     | 6 7 |  7.1
Charms         | 4 |  4.1
Dodging        | |  1.7
Stealth        | |  2.4
Spellcasting   | |  3.2
Summonings     | |  1.0
Translocations | |  0.8

Action                   |  1- 3 |  4- 6 |  7- 9 | 10-12 || total
-------------------------+-------+-------+-------+-------++-------
Melee: Club              |     9 |       |       |       ||     9
       Unarmed           |     3 |       |       |       ||     3
       Rapier            |       |    39 |       |       ||    39
       Spear             |       |     4 |       |       ||     4
       Falchion          |       |     7 |   113 |    34 ||   154
       Trident           |       |       |    95 |       ||    95
       Halberd           |       |       |     7 |    15 ||    22
Throw: Stone             |     4 |       |       |       ||     4
 Cast: Magic Dart        |    81 |   101 |   171 |     1 ||   354
       Mephitic Cloud    |       |     3 |    13 |     3 ||    19
       Conjure Flame     |       |     4 |    19 |     4 ||    27
       Regeneration      |       |       |     1 |       ||     1
 Abil: Dig               |     3 |     3 |     6 |     4 ||    16
       Shaft Self        |     1 |       |       |       ||     1
  Use: Scroll            |     2 |       |     5 |       ||     7
 Stab: Confused          |       |       |     3 |     1 ||     4
  Eat: Chunk             |     4 |     6 |    16 |       ||    26
       Ration            |       |     1 |       |     1 ||     2
Armor: Robe              |     5 |     2 |       |       ||     7
       Leather armour    |       |       |    56 |    12 ||    68
Dodge: Dodged            |    19 |    46 |   155 |    26 ||   246
       Rpst.: Falchion   |       |       |    49 |     3 ||    52
